 Dungeon Crawl Stone Soup version 0.26-a0-597-gb535b0901c (webtiles) character file.

Game seed: 5796582521941581759

5391 Gargoyl the Fighter (level 10, 0/82 HPs)
             Began as a Gnoll Abyssal Knight on Aug 26, 2020.
             Was a High Priest of Lugonu.
             Slain by a wraith (5 damage)
             ... on level 8 of the Dungeon.
             The game lasted 00:09:06 (7491 turns).

Gargoyl the Fighter (Gnoll Abyssal Knight)          Turns: 7491, Time: 00:09:07

Health: 0/82       AC: 16    Str: 17    XL:     10   Next: 66%
Magic:  18/18      EV:  8    Int: 15    God:    Lugonu [*****.]
Gold:   496        SH:  0    Dex: 15    Spells: 20/20 levels left

rFire    . . .     SeeInvis .   a - +4 hand axe (flame)
rCold    . . .     Faith    .   (no shield)
rNeg     + . .     Spirit   .   f - +0 plate armour
rPois    .         Reflect  .   l - +0 helmet
rElec    .         Harm     .   u - +1 cloak
rCorr    .                      (no gloves)
MR       .....                  (no boots)
Stlth    ..........             i - amulet of regeneration
HPRegen  0.63/turn              g - ring of positive energy
MPRegen  0.16/turn              (no ring)

@: slowed, very slow
A: distributed training, fangs 1, strong nose
a: Depart the Abyss, Bend Space, Banish, Corrupt, Enter the Abyss, Renounce
Religion


You were on level 8 of the Dungeon.
You worshipped Lugonu.
Lugonu was extremely pleased with you.
You visited 1 branch of the dungeon, and saw 9 of its levels.
You visited the Abyss 1 time.

You collected 496 gold pieces.

Inventory:

Hand Weapons
 a - a +4 hand axe of flaming (weapon)
 y - a +1 battleaxe
Armour
 f - a +0 plate armour (worn)
 l - a +0 helmet (worn)
 u - a +1 cloak (worn)
Jewellery
 g - a ring of positive energy (left hand)
 i - an amulet of regeneration (around neck)
Wands
 d - a wand of random effects (46)
 h - a wand of iceblast (9)
 v - a wand of acid (9)
 w - a wand of polymorph (10)
Scrolls
 b - 3 scrolls of teleportation
 n - a scroll of blinking {unknown}
 p - 5 scrolls of identify
 x - 2 scrolls of magic mapping
 A - a scroll of silence
Potions
 c - 2 potions of flight
 e - 2 potions of invisibility
 j - 2 potions of haste {unknown}
 k - 2 potions of magic
 m - a potion of heal wounds
 o - a potion of might {unknown}
 q - a potion of brilliance {unknown}
 r - a potion of resistance {unknown}
 s - 2 potions of curing
 t - a potion of mutation {unknown}
 z - 2 potions of lignification {unknown}


   Skills:
 + Level 8.6 Fighting
 + Level 5.5 Short Blades
 + Level 5.5 Long Blades
 + Level 7.2 Axes
 + Level 5.5 Maces & Flails
 + Level 5.5 Polearms
 + Level 5.5 Staves
 + Level 5.5 Slings
 + Level 5.5 Bows
 + Level 5.5 Crossbows
 + Level 5.5 Throwing
 + Level 7.2 Armour
 + Level 6.1 Dodging
 + Level 5.5 Stealth
 + Level 5.5 Shields
 + Level 5.5 Unarmed Combat
 + Level 5.5 Spellcasting
 + Level 4.5 Conjurations
 + Level 4.5 Hexes
 + Level 4.5 Summonings
 + Level 4.5 Necromancy
 + Level 4.5 Translocations
 + Level 4.5 Transmutations
 + Level 4.5 Fire Magic
 + Level 4.5 Ice Magic
 + Level 4.5 Air Magic
 + Level 4.5 Earth Magic
 + Level 4.5 Poison Magic
 + Level 7.6 Invocations
 + Level 5.5 Evocations


You had 20 spell levels left.
You didn't know any spells.
Your spell library contained the following spells:

 Spells                   Type           Power        Failure   Level
 Corona                   Hex            ###....      63%         1
 Summon Small Mammal      Summ           ###.         63%         1
 Call Imp                 Summ           ###.....     77%         2
 Ensorcelled Hibernation  Hex/Ice        ###...       77%         2
 Call Canine Familiar     Summ           ###.....     94%         3
 Confusing Touch          Hex            ###.....     94%         3
 Dazzling Flash           Conj/Hex       ###...       94%         3
 Summon Guardian Golem    Hex/Summ       ###.....     94%         3
 Tukima's Dance           Hex            ###.....     94%         3
 Summon Ice Beast         Ice/Summ       ###.....     100%        4
 Summon Lightning Spire   Summ/Air       ###.....     100%        4


Dungeon Overview and Level Annotations

Branches:
Dungeon (9/15)             Temple (0/1) D:5
   Lair: D:8-11         Orc: D:9-12

Altars:
Ashenzari
Cheibriados
Dithmenos
Elyvilon
Fedhas
Makhleb
Okawaru
Trog
Uskayaw
Xom
The Shining One


Innate Abilities, Weirdness & Mutations

Your experience applies equally to all skills.
You have very sharp teeth.
Your uncanny sense of smell can sniff out nearby items.


Message History

The wraith hits you but does no damage.
The orc warrior hits you with a +0 short sword!
The wraith barely misses you. The orc warrior closely misses you.
You barely miss the wraith. You bite the wraith, but do no damage.
The wraith is moderately damaged.
You hit the orc warrior. You burn the orc warrior.
The wraith barely misses you.
The orc warrior hits you with a +0 short sword!
* * * LOW HITPOINT WARNING * * *
Unknown command.
You hit the wraith but do no damage. Your bite misses the wraith.
The wraith is moderately damaged.
You barely miss the orc warrior. The wraith hits you but does no damage.
The orc warrior hits you with a +0 short sword!
* * * LOW HITPOINT WARNING * * *
You hit the wraith but do no damage.
The wraith is moderately damaged.
You hit the orc warrior but do no damage.
The wraith barely misses you. The orc warrior misses you. The wraith hits you.
You die...

..<(.....)......................#
......#<##....##..#.###########.#
......####.....#..#.##### #.#
.............#.#........# #.#
......####..##....#.###.# #.#
......+........^..#.# #.# #.#
......####.####†..#.# #.# #.#
#.#.##...#.##..oW##.# #.#######.#
#.#.#...........@##.# #......##.#
#.#.##...#.##.##.##.# ######.##.#
#.#.##...#.##....##.# #.##.#
....##...#.##.#####.# #.##.#
....######.##.# #.# #.##.#
#...#...##.##.# #.# #.##.#
........##.##.# #.# #.##.#
#.......##.##.#####.#### #.##.#
#.......+..........(...# #.##.#


You could see a wraith and an orc warrior.

Vanquished Creatures
  A two-headed ogre (D:8)
  Pikel (D:7)
  The ghost of rasy the Cleaver, an amateur MiFi of the Shining One (D:5)
  A hippogriff (D:5)
  A slime creature (D:6)
  A wyvern (D:8)
  A water moccasin (D:8)
  2 sky beasts
  2 ice beasts (D:5)
  An orc warrior (D:8)
  A phantom (D:8)
  4 eyes of draining
  3 ogres
  5 centaurs
  Blork the orc (D:4)
  A bullfrog (D:7)
  6 killer bees (D:8)
  5 wights (D:8)
  A howler monkey (D:8)
  A bullfrog zombie (D:5)
  A centaur zombie (D:5)
  A quasit (D:8)
  5 jellies (D:6)
  4 hounds
  7 orc wizards
  Crazy Yiuf (D:4)
  3 bullfrog skeletons
  An orc priest (D:8)
  4 worker ants
  2 iguanas
  2 hound skeletons
  Robin (D:3)
  14 adders
  8 river rats (D:5)
  2 shadow imps
  3 white imps
  An ufetubus (D:5)
  16 oozes (D:6)
  An adder skeleton (D:8)
  2 worms
  4 leopard geckos
  15 orcs
  4 giant cockroaches
  10 goblins
  11 hobgoblins
  3 jackals
  8 quokkas
  7 ball pythons
  5 bats
  6 frilled lizards
  3 kobolds
  A quokka skeleton (D:5)
  A quokka zombie (D:5)
  27 rats
224 creatures vanquished.

Vanquished Creatures (others)
  An ufetubus (D:5)
  7 fungi (D:6)
8 creatures vanquished.

Grand Total: 232 creatures vanquished

Notes
Turn   | Place    | Note
-------+----------+-------------------------------------------
     0 | Abyss:1  | Gargoyl the Gnoll Abyssal Knight began the quest for the
                  | Orb.
     0 | Abyss:1  | Reached XP level 1. HP: 23/23 MP: 3/3
    15 | Abyss:1  | Noticed a smoke demon
    44 | Abyss:1  | Noticed a freezing wraith
    57 | Abyss:1  | Noticed an ettin skeleton
    61 | Abyss:1  | Noticed a jelly
    63 | Abyss:1  | Noticed a quasit
   361 | Abyss:2  | Found a corrupted altar of Lugonu.
   390 | Abyss:2  | Noticed a tentacled starspawn
   396 | Abyss:3  | Noticed an eye of draining
   420 | Abyss:3  | Killed an eye of draining
   420 | Abyss:3  | Reached skill level 1 in Short Blades
   420 | Abyss:3  | Reached skill level 1 in Long Blades
   420 | Abyss:3  | Reached skill level 1 in Maces & Flails
   420 | Abyss:3  | Reached skill level 1 in Polearms
   420 | Abyss:3  | Reached skill level 1 in Staves
   420 | Abyss:3  | Reached skill level 1 in Slings
   420 | Abyss:3  | Reached skill level 1 in Bows
   420 | Abyss:3  | Reached skill level 1 in Crossbows
   420 | Abyss:3  | Reached skill level 1 in Throwing
   420 | Abyss:3  | Reached skill level 1 in Stealth
   420 | Abyss:3  | Reached skill level 1 in Shields
   420 | Abyss:3  | Reached skill level 1 in Unarmed Combat
   420 | Abyss:3  | Reached skill level 1 in Spellcasting
   420 | Abyss:3  | Reached skill level 1 in Evocations
   420 | Abyss:3  | Reached XP level 2. HP: 29/29 MP: 0/5
   420 | Abyss:3  | Reached XP level 3. HP: 35/35 MP: 0/6
   420 | Abyss:3  | Reached XP level 4. HP: 41/41 MP: 0/7
   435 | Abyss:3  | Noticed a thrashing horror
   435 | Abyss:3  | Noticed a thrashing horror
   435 | D:1      | Escaped the Abyss
   509 | D:1      | Reached skill level 1 in Conjurations
   509 | D:1      | Reached skill level 1 in Hexes
   509 | D:1      | Reached skill level 1 in Summonings
   509 | D:1      | Reached skill level 1 in Necromancy
   509 | D:1      | Reached skill level 1 in Translocations
   509 | D:1      | Reached skill level 1 in Transmutations
   509 | D:1      | Reached skill level 1 in Fire Magic
   509 | D:1      | Reached skill level 1 in Ice Magic
   509 | D:1      | Reached skill level 1 in Air Magic
   509 | D:1      | Reached skill level 1 in Earth Magic
   509 | D:1      | Reached skill level 1 in Poison Magic
   783 | D:1      | Reached * piety under Lugonu
  1318 | D:2      | Reached XP level 5. HP: 43/47 MP: 8/8
  2375 | D:3      | Reached skill level 5 in Invocations
  2433 | D:3      | Noticed Robin
  2442 | D:3      | Killed Robin
  2442 | D:3      | Reached ** piety under Lugonu
  2442 | D:3      | Reached XP level 6. HP: 50/53 MP: 9/9
  3162 | D:4      | Found a white marble altar of Elyvilon.
  3299 | D:4      | Found a burning altar of Makhleb.
  3299 | D:4      | Found a bloodstained altar of Trog.
  3305 | D:4      | Noticed Blork the orc
  3306 | D:4      | Found a blossoming altar of Fedhas.
  3314 | D:4      | Killed Blork the orc
  3314 | D:4      | Reached skill level 5 in Axes
  3314 | D:4      | Reached skill level 5 in Armour
  3324 | D:4      | Found a shattered altar of Ashenzari.
  3326 | D:4      | Found a snail-covered altar of Cheibriados.
  3774 | D:4      | Found a runed translucent door.
  3775 | D:4      | Noticed Crazy Yiuf
  3784 | D:4      | Paralysed by something for 6 turns
  3792 | D:4      | Killed Crazy Yiuf
  3792 | D:4      | Reached XP level 7. HP: 45/59 MP: 10/10
  3870 | D:5      | Entered Level 5 of the Dungeon
  3934 | D:5      | Reached skill level 7 in Fighting
  3937 | D:5      | Found a staircase to the Ecumenical Temple.
  4070 | D:5      | Found a shimmering altar of Xom.
  4070 | D:5      | Noticed a hippogriff
  4091 | D:5      | Killed a hippogriff
  4182 | D:5      | Reached XP level 8. HP: 67/67 MP: 12/12
  4218 | D:5      | Found a shadowy altar of Dithmenos.
  4256 | D:5      | Reached *** piety under Lugonu
  4472 | D:5      | Noticed rasy's ghost (amateur MiFi)
  4476 | D:5      | Found a runed translucent door.
  4554 | D:5      | Killed rasy's ghost
  4972 | D:6      | Reached **** piety under Lugonu
  4997 | D:6      | Reached XP level 9. HP: 64/72 MP: 14/14
  5124 | D:6      | Noticed a +0 hand axe
  5125 | D:6      | Noticed a +0 hand axe
  5126 | D:6      | Found a hide-covered altar of Uskayaw.
  5225 | D:6      | Found a glowing golden altar of the Shining One.
  5410 | D:6      | Reached skill level 5 in Dodging
  5578 | D:7      | Noticed Pikel
  5627 | D:7      | Killed Pikel
  5627 | D:7      | Reached skill level 8 in Fighting
  5698 | D:7      | Found an iron altar of Okawaru.
  6103 | D:8      | Noticed a two-headed ogre
  6113 | D:8      | Killed a two-headed ogre
  6113 | D:8      | Reached skill level 5 in Short Blades
  6113 | D:8      | Reached skill level 5 in Long Blades
  6113 | D:8      | Reached skill level 5 in Maces & Flails
  6113 | D:8      | Reached skill level 5 in Polearms
  6113 | D:8      | Reached skill level 5 in Staves
  6113 | D:8      | Reached skill level 5 in Slings
  6113 | D:8      | Reached skill level 5 in Bows
  6113 | D:8      | Reached skill level 5 in Crossbows
  6113 | D:8      | Reached skill level 5 in Throwing
  6113 | D:8      | Reached skill level 5 in Stealth
  6113 | D:8      | Reached skill level 5 in Shields
  6113 | D:8      | Reached skill level 5 in Unarmed Combat
  6113 | D:8      | Reached skill level 5 in Spellcasting
  6113 | D:8      | Reached skill level 5 in Evocations
  6113 | D:8      | Reached XP level 10. HP: 20/81 MP: 17/17
  6355 | D:8      | Reached ***** piety under Lugonu
  6963 | D:8      | Found a bloodstained altar of Trog.
  7491 | D:8      | Slain by a wraith

Illustrated notes

Levels and vault maps discovered:
D:1:      dpeg_arrival_court, layout_basic
D:2:      layout_loops_ring, minmay_snake_closets
D:3:      layout_loops_corners, corexii_corridor_pit, minmay_increasing_density,
          uniq_robin
D:4:      layout_loops_ring, elyvilon_altar_4,
          chequers_temple_overflow_minitemple, uniq_blork_the_orc,
          uniq_crazy_yiuf_cottage
D:5:      lemuel_ratsnest, layout_loops_ring, xom_confusion_cloud,
          old_standard_altar, minmay_temple_entry_statues_fountains,
          hellmonk_ghost_happy_afterlife
D:6:      lemuel_slime, layout_rooms, lemuel_coloured_pillars_altar,
          dancing_weapons_uskayaw, dk_rats_in_the_wall
D:7:      layout_basic, okawaru_trees_1, uniq_pikel
D:8:      layout_basic, trog_eyes_of_draining
D:9:      layout_cross, dpeg_lair_monsters, nrook_guardian_serpent_double

Skill      XL: |  1  2  3  4  5  6  7  8  9 10 |
---------------+-------------------------------+-----
Short Blades   | 1 2 3 5 |  5.5
Long Blades    | 1 2 3 5 |  5.5
Maces & Flails | 1 2 3 5 |  5.5
Polearms       | 1 2 3 5 |  5.5
Staves         | 1 2 3 5 |  5.5
Slings         | 1 2 3 5 |  5.5
Bows           | 1 2 3 5 |  5.5
Crossbows      | 1 2 3 5 |  5.5
Throwing       | 1 2 3 5 |  5.5
Stealth        | 1 2 3 5 |  5.5
Shields        | 1 2 3 5 |  5.5
Unarmed Combat | 1 2 3 5 |  5.5
Spellcasting   | 1 2 3 5 |  5.5
Evocations     | 1 2 3 5 |  5.5
Conjurations   | 1 2 3 4 |  4.5
Hexes          | 1 2 3 4 |  4.5
Summonings     | 1 2 3 4 |  4.5
Necromancy     | 1 2 3 4 |  4.5
Translocations | 1 2 3 4 |  4.5
Transmutations | 1 2 3 4 |  4.5
Fire Magic     | 1 2 3 4 |  4.5
Ice Magic      | 1 2 3 4 |  4.5
Air Magic      | 1 2 3 4 |  4.5
Earth Magic    | 1 2 3 4 |  4.5
Poison Magic   | 1 2 3 4 |  4.5
Dodging        | 3 4 5 6 |  6.1
Invocations    | 5 6 7 |  7.6
Axes           | 5 6 7 |  7.2
Armour         | 5 6 7 |  7.2
Fighting       | 7 8 |  8.6

Action                   |  1- 3 |  4- 6 |  7- 9 | 10-12 || total
-------------------------+-------+-------+-------+-------++-------
Melee: Hand axe          |    10 |   195 |   362 |   144 ||   711
       Bite              |       |    17 |    46 |    15 ||    78
       Punch             |       |       |     6 |     4 ||    10
Invok: Depart the Abyss  |       |     1 |       |       ||     1
       Bend Space        |       |       |     2 |       ||     2
Evoke: Wand              |       |       |       |     6 ||     6
  Use: Scroll            |     2 |     6 |    10 |     2 ||    20
       Potion            |       |       |     2 |       ||     2
 Stab: Sleeping          |       |     4 |       |       ||     4
Armor: Leather armour    |     3 |     8 |       |       ||    11
       Plate armour      |       |   101 |   266 |   156 ||   523
Dodge: Dodged            |     4 |    75 |   135 |    90 ||   304

Table legend: (Time is in decaauts)
 A = Elapsed time spent in this place.
 B = Non-inter-level travel time spent in this place.
 C = Inter-level travel time spent in this place.
 D = Time resting spent in this place.
 E = Time spent auto-exploring this place.
 F = Levels seen in this place.
 G = Mean time per level.
                   A        B        C        D        E       F      G
               +--------+--------+--------+--------+--------+-----+--------+
         Total |   7502 |   7265 |    237 |    638 |   4890 |  12 |  625.2 |
       Dungeon |   7067 |   6830 |    237 |    428 |   4776 |   9 |  785.2 |
         Abyss |    435 |    435 |      0 |    210 |    114 |   3 |  145.0 |
               +--------+--------+--------+--------+--------+-----+--------+

Top non-repeatable levels by time:
     D:8: 1400 daAuts
     D:5: 951 daAuts
     D:2: 941 daAuts
     D:4: 877 daAuts
     D:3: 850 daAuts
     D:1: 843 daAuts
     D:6: 649 daAuts
     D:7: 550 daAuts
 Abyss:2: 316 daAuts
 Abyss:1: 79 daAuts
 Abyss:3: 39 daAuts
     D:9: 2 daAuts
